 Dungeon Crawl Stone Soup version 0.18-a0-1507-g69458e0 (webtiles) character file.

7690 4thArraOfDagon the Carver (level 11, -32/112 HPs)
             Began as a High Elf Abyssal Knight on Mar 5, 2016.
             Was a High Priest of Lugonu.
             Killed from afar by Erolcha (41 damage)
             ... with a crystal spear
             ... on level 8 of the Dungeon.
             The game lasted 00:52:12 (10913 turns).

4thArraOfDagon the Carver (HEAK)                   Turns: 10913, Time: 00:52:12

Health: -32/112    AC: 14    Str: 16    XL:     11   Next: 0%
Magic:  8/8        EV: 11    Int: 18    God:    Lugonu [*****.]
Gold:   223        SH:  0    Dex: 19    Spells: 0 memorised, 10 levels left

rFire  . . .     SeeInvis +     U - +0 scimitar (flame)
rCold  . . .     Gourm    .     A - +0 chain mail {rPois}
rNeg   + . .     Faith    .     (no shield)
rPois  +         Spirit   .     f - +2 hat
rElec  .         Dismiss  .     (no cloak)
rCorr  .         Reflect  .     h - +0 pair of gloves
SustAt .         Harm     .     N - +0 pair of boots (curse)
MR     +....                    (no amulet)
Stlth  ..........               t - ring of wizardry
                                y - ring "Tachiugu" {rN+ MP-9 Dex+4 SInv}

@: berserking, very quick, somewhat resistant to hostile enchantments, extremely
unstealthy
A: talons 1, dopey 1, low mp 1, wild magic 1
a: Depart the Abyss, Bend Space, Banish, Corrupt, Enter the Abyss, Renounce
Religion


You were on level 8 of the Dungeon.
You worshipped Lugonu.
Lugonu was extremely pleased with you.
You were hungry.

You visited 2 branches of the dungeon, and saw 12 of its levels.
You visited the Abyss 1 time.

You collected 679 gold pieces.
You spent 456 gold pieces at shops.

Inventory:

Hand Weapons
 I - the +1 dagger of Distant Worlds {drain, rC+ SInv Stlth+}
   (You found it on level 7 of the Dungeon)

   A truly terrible weapon, it drains the life of those it strikes.
   It protects you from cold.
   It lets you see invisible.
   It makes you more stealthy.
 U - a +0 scimitar of flaming (weapon)
Missiles
 e - 33 poisoned needles
 K - 7 javelins (quivered)
 M - 5 steel tomahawks
 S - a throwing net
Armour
 f - a +2 hat (worn)
 h - a +0 pair of gloves (worn)
 A - a +0 chain mail of poison resistance (worn)
 N - a cursed +0 pair of boots (worn)
Jewellery
 t - a ring of wizardry (right hand)
 y - the ring "Tachiugu" (left hand) {rN+ MP-9 Dex+4 SInv}
   (You found it on level 6 of the Dungeon)

   [ring of positive energy]

   It affects your dexterity (+4).
   It protects you from negative energy.
   It affects your magic capacity (-9).
   It lets you see invisible.
Wands
 z - a wand of acid (0/15)
 F - a wand of random effects (0/48)
 G - a wand of digging (1/24)
 O - a wand of iceblast (1/15)
 R - a wand of lightning (2/15)
Scrolls
 g - a scroll of enchant weapon {unknown}
 j - 4 scrolls of enchant armour
 m - 3 scrolls of amnesia
 n - 5 scrolls of immolation {unknown}
 p - a scroll of recharging
 r - a scroll of random uselessness
 u - 2 scrolls of fog {unknown}
 w - 3 scrolls of magic mapping
 B - a scroll of brand weapon
 C - 2 scrolls of blinking {unknown}
 D - 2 scrolls of noise
 H - 2 scrolls of remove curse
Potions
 b - a potion of haste
 k - a potion of flight
 o - a potion of might
 x - a potion of curing
 J - a potion of magic
Books
 P - a book of Envenomations

   Spells                             Type                      Level
   a - Spider Form                    Transmutation/Poison         3
   b - Olgreb's Toxic Radiance        Poison                       4
   c - Alistair's Intoxication        Transmutation/Poison         5
   d - Poisonous Cloud                Conjuration/Poison/Air       6
Comestibles
 c - 9 bread rations
 q - 2 meat rations
 T - 6 beef jerkies


   Skills:
 + Level 7.0 Fighting
 * Level 10.8 Long Blades
 + Level 5.8 Armour
 + Level 7.1 Dodging
 * Level 9.9 Invocations
 + Level 3.1 Evocations


You had 10 spell levels left.
You didn't know any spells.

Dungeon Overview and Level Annotations

Branches:
Dungeon (11/15)            Temple (1/1) D:6            Lair (0/8) D:9
    Orc (0/2) D:9

Altars:
Cheibriados
Elyvilon
Fedhas
Gozag
Nemelex Xobeh
Pakellas
Ru
Vehumet

Shops:
D:8 ?

Annotations:
D:5 Edmund; Grinder
D:8 Erolcha, Joseph
D:11 Maud


Innate Abilities, Weirdness & Mutations

You have sharp toenails.
You are dopey. (Int -2)
Your magical capacity is low (-10% MP).
Your spells are a little harder to cast, but a little more powerful.


Message History

You slash Erolcha! You burn Erolcha.
Erolcha is almost dead.
Erolcha hits you with a giant spiked club!!
* * * LOW HITPOINT WARNING * * *
Unknown command.
Drink which item? (? for menu, Esc to quit)
Okay, then.
Press: ? - help, Shift-Dir - straight line, f - Erolcha
Aim: Erolcha, wielding a giant spiked club and wearing a robe (almost dead, chance to defeat MR: 57%)
Okay, then.
Unknown command.
Drink which item? (? for menu, Esc to quit)
A red film seems to cover your vision as you go berserk!
You feel yourself moving faster!
You feel mighty!
Unknown command.
You barely miss Erolcha.
Erolcha is almost dead.
Erolcha points at you and mumbles some strange words.
The crystal spear hits you!
You die...

@.....#........................#o
#####.#.###...OO...........###.#.
...........................# #.#.
#####.#...#........#'#########o#.
....#.#................O..o....#.
....#)###..#########.############
....).......O.......>....... ..
....######..####O########### ###
....# ##.# #@# ... ....# #..# #.#
### ....# ##.###.# # ....#
..##.####### # ....#
###.##.......# ....#
#...##.......# #####
#....#.......# # #............# #
##...........#


You could see Erolcha.

Vanquished Creatures
  Erica (D:8)
  A slime creature (D:9)
  10 yaks
  A hippogriff (D:10)
  3 wargs (D:8)
  The ghost of milladamen the Digger, an amateur GrEE (D:4)
  5 orc warriors
  A sky beast (D:11)
  5 ogres
  2 phantoms
  4 centaurs
  2 big kobolds
  3 giant frogs
  A wyvern zombie (D:7)
  3 scorpions
  A wyvern skeleton (D:10)
  4 killer bees (D:10)
  A howler monkey (D:4)
  2 crimson imps
  4 quasits
  A wasp zombie (D:6)
  2 hounds (D:10)
  10 orc priests
  A jelly (D:8)
  4 centaur skeletons
  A giant frog skeleton (D:10)
  3 iguanas
  10 orc wizards
  6 worker ants
  A hound skeleton (D:4)
  7 gnolls
  A howler monkey skeleton (D:4)
  14 adders
  A shadow imp (D:6)
  2 oozes (D:2)
  An adder skeleton (D:6)
  A worm (D:7)
  2 dart slugs
  5 giant geckos
  44 orcs
  3 giant cockroaches
  5 goblins
  4 hobgoblins
  8 jackals
  13 kobolds
  6 quokkas
  10 bats
  5 giant newts
  2 jackal skeletons
  4 rats
232 creatures vanquished.

Vanquished Creatures (others)
  2 hill giants (D:10)
  A gargoyle (D:10)
  A quokka (D:7)
  A plant (D:9)
5 creatures vanquished.

Grand Total: 237 creatures vanquished

Notes
Turn   | Place    | Note
--------------------------------------------------------------
     0 | Abyss:1  | 4thArraOfDagon the High Elf Abyssal Knight began the quest for the Orb.
     0 | Abyss:1  | Reached XP level 1. HP: 16/16 MP: 3/3
    41 | Abyss:2  | Found a corrupted altar of Lugonu.
    41 | Abyss:2  | Noticed an orc sorcerer
    41 | Abyss:2  | Noticed a shadow demon
    41 | Abyss:2  | Noticed a giant orange brain
    46 | D:1      | Escaped the Abyss
    99 | D:1      | Reached skill level 1 in Armour
   232 | D:1      | Reached * piety under Lugonu
   256 | D:1      | Reached XP level 2. HP: 14/21 MP: 4/4
   583 | D:2      | Found an oddly glowing altar of Pakellas.
   593 | D:2      | Reached skill level 3 in Long Blades
   673 | D:2      | Reached XP level 3. HP: 24/26 MP: 5/5
   691 | D:2      | Found a faded altar to an unknown god.
   953 | D:2      | down to 2hp off poison...
  1270 | D:3      | Reached XP level 4. HP: 15/31 MP: 6/6
  1404 | D:3      | wow
  1404 | D:3      | 4 adders so far
  1404 | D:3      | they want me dead
  1490 | D:3      | Reached ** piety under Lugonu
  1507 | D:3      | Reached skill level 4 in Long Blades
  1676 | D:3      | down to 3hp again
  1676 | D:3      | off 5th adler
  1676 | D:3      | adder
  1857 | D:4      | Found a sparkling altar of Nemelex Xobeh.
  1923 | D:4      | Noticed milladamen's ghost (amateur GrEE)
  1942 | D:5      | Entered Level 5 of the Dungeon
  1988 | D:5      | Found a snail-covered altar of Cheibriados.
  2196 | D:5      | Noticed a phantom
  2213 | D:5      | Noticed Edmund
  2368 | D:4      | Reached XP level 5. HP: 17/36 MP: 8/8
  2544 | D:4      | Noticed an ogre
  3076 | D:5      | Noticed Grinder
  3185 | D:6      | Found a staircase to the Ecumenical Temple.
  3196 | D:6      | Reached XP level 6. HP: 43/43 MP: 9/9
  3204 | D:6      | Reached skill level 5 in Long Blades
  3275 | D:6      | Got a translucent wooden ring
  3278 | D:6      | Identified the ring "Tachiugu" {rN+ MP-9 Dex+4 SInv} (You found it on level 6 of the Dungeon)
  3285 | Temple   | Entered the Ecumenical Temple
  3301 | D:6      | Noticed an orc warrior
  3470 | D:6      | Reached XP level 7. HP: 37/48 MP: 2/11
  3608 | D:8      | Found Vepumev's Magic Scroll Boutique.
  3616 | D:8      | Bought a scroll of brand weapon for 240 gold pieces
  3616 | D:8      | Bought a scroll of identify for 24 gold pieces
  3616 | D:8      | Bought a scroll of noise for 12 gold pieces
  3722 | D:7      | Reached skill level 5 in Invocations
  3903 | D:8      | Reached skill level 6 in Long Blades
  4101 | D:8      | Noticed Erolcha
  4405 | D:7      | Found a white marble altar of Elyvilon.
  4444 | D:7      | Got a transparent dagger
  4451 | D:7      | Identified the +1 dagger of Distant Worlds {drain, rC+ SInv Stlth+} (You found it on level 7 of the Dungeon)
  4713 | D:6      | Reached XP level 8. HP: 47/54 MP: 4/13
  4805 | D:6      | Reached *** piety under Lugonu
  4825 | D:6      | Found a sacrificial altar of Ru.
  5308 | D:6      | Noticed a hill giant
  5388 | D:6      | Reached skill level 7 in Long Blades
  5646 | D:4      | Killed milladamen's ghost
  6017 | D:4      | Reached skill level 5 in Fighting
  6205 | D:3      | Reached skill level 5 in Dodging
  6218 | D:3      | You fall through a shaft for 2 floors!
  6332 | D:3      | Reached **** piety under Lugonu
  6666 | D:8      | Bought a scroll of recharging for 114 gold pieces
  6666 | D:8      | Bought a scroll of magic mapping for 42 gold pieces
  6666 | D:8      | Bought a scroll of identify for 24 gold pieces
  6703 | D:8      | Reached XP level 9. HP: 11/61 MP: 6/15
  6900 | D:8      | Reached skill level 8 in Long Blades
  6942 | D:8      | HP: 2/61 [warg (8)]
  7077 | D:9      | Found a staircase to the Orcish Mines.
  7112 | D:9      | Found an oddly glowing altar of Pakellas.
  7147 | D:10     | Entered Level 10 of the Dungeon
  7665 | D:9      | Reached skill level 9 in Long Blades
  7816 | D:9      | Found a radiant altar of Vehumet.
  7982 | D:9      | Found a staircase to the Lair.
  8314 | D:9      | Found a blossoming altar of Fedhas.
  8319 | D:9      | Found an opulent altar of Gozag.
  8377 | D:9      | Reached skill level 5 in Armour
  8564 | D:8      | Reached ***** piety under Lugonu
  8598 | D:8      | Noticed Erica
  8603 | D:8      | Reached skill level 1 in Evocations
  8603 | D:8      | Reached XP level 10. HP: 57/68 MP: 8/17
  8615 | D:8      | Killed Erica
  8643 | D:8      | Noticed Joseph
  9357 | D:11     | Noticed a gargoyle
  9441 | D:10     | Noticed a hill giant
  9441 | D:10     | Banished a hill giant
  9609 | D:10     | Reached skill level 10 in Long Blades
 10459 | D:10     | Gained mutation: You are dopey. (Int -2) [potion of mutation]
 10459 | D:10     | Gained mutation: Your magical capacity is low (-10% MP). [potion of mutation]
 10459 | D:10     | Gained mutation: You have sharp toenails. [potion of mutation]
 10567 | D:11     | Noticed Maud
 10744 | D:10     | Banished a gargoyle
 10764 | D:10     | Noticed a white very ugly thing
 10793 | D:10     | Noticed a hill giant
 10794 | D:10     | Banished a hill giant
 10840 | D:9      | Reached XP level 11. HP: 58/75 MP: 4/17
 10894 | D:8      | Gained mutation: Your spells are a little harder to cast, but a little more powerful. [potion of beneficial mutation]
 10913 | D:8      | Killed from afar by Erolcha

Vault maps used:
D:1:      dpeg_arrival_boxorama
D:2:      first_bread, ecumenical_altar_2, minmay_strange_pillars,
          grunt_pakellas_salt
D:3:      kennysheep_generic_room_14
D:4:      nemelex_lonely_heart_becter
D:5:      nicolae_overflow_hidden_temple, serial_bayou_crossing,
          uniq_blork_the_orc, uniq_edmund, uniq_grinder
D:6:      nicolae_ru_the_path_less_chosen, minmay_temple_entry_mist,
          kennysheep_boxes
D:7:      elyvilon_altar_4, serial_shops, shop, kennysheep_generic_room_13
D:8:      serial_shops, nicolae_shop_stone, grunt_ogre_cave, uniq_joseph,
          uniq_psyche, uniq_erolcha, uniq_erica
D:9:      kennysheep_mini_moat, vehumet_crystals, minitemple, dpeg_oklobed_lair,
          minmay_orc_entry_guard_dogs
D:10:     kb_rosetta
D:11:     uniq_maud, uniq_harold
Temple:   dpeg_five_rooms_temple_12
Abyss:2:  evilmike_abyss_exit_17, minivault_5, hangedman_abyss_lost_library

Skill      XL: |  1  2  3  4  5  6  7  8  9 10 |
---------------+-------------------------------+-----
Armour         | 1 2 3 4 5 |  5.8
Long Blades    | 3 4 5 6 7 9 10 | 10.8
Dodging        | 3 4 5 6 7 |  7.1
Invocations    | 3 4 5 7 8 9 |  9.9
Fighting       | 4 5 6 7 |  7.0
Evocations     | 1 3 |  3.1

Action                   |  1- 3 |  4- 6 |  7- 9 | 10-12 || total
-------------------------+-------+-------+-------+-------++-------
Melee: Falchion          |   150 |   175 |   666 |       ||   991
       Scimitar          |       |       |    79 |   221 ||   300
Throw: Javelin           |       |       |     2 |       ||     2
Invok: Depart the Abyss  |     1 |       |       |       ||     1
       Banish            |       |       |       |     4 ||     4
Evoke: Wand              |       |       |    34 |    10 ||    44
  Use: Scroll            |     6 |     8 |     9 |     5 ||    28
       Potion            |       |     1 |     4 |     6 ||    11
 Stab: Confused          |       |       |     4 |       ||     4
  Eat: Chunk             |     3 |     3 |    19 |    11 ||    36
       Meat ration       |       |     1 |       |       ||     1
       Pizza             |       |     1 |       |     1 ||     2
       Fruit             |       |       |     5 |       ||     5
